 Dungeon Crawl Stone Soup version 0.23.2-33-g5129a83184 (webtiles) character file.

Game seed: 16564179211747278141

171 BorisKarlOrff the Sneak (level 5, 0/35 HPs)
             Began as an Octopode Assassin on June 29, 2019.
             Slain by an ogre
             ... wielding a +0 giant club
              (11 damage)
             ... on level 4 of the Dungeon.
             The game lasted 00:06:11 (3099 turns).

BorisKarlOrff the Sneak (Octopode Assassin)         Turns: 3099, Time: 00:06:12

Health: 0/35       AC:  1    Str: 10    XL:     5   Next: 51%
Magic:  5/5        EV: 13    Int: 14    God:
Gold:   160        SH:  0    Dex: 14    Spells: 4/4 levels left

rFire    . . .     SeeInvis .   a - +2 dagger
rCold    . . .     Gourm    .   (no shield)
rNeg     . . .     Faith    .   (helmet restricted)
rPois    .         Spirit   .   (no amulet)
rElec    .         Reflect  .   (no ring)
rCorr    .         Harm     .   (no ring)
MR       .....                  (no ring)
Stlth    +++++.....             (no ring)
HPRegen  0.11/turn              (no ring)
MPRegen  0.09/turn              (no ring)
                                (no ring)
                                (no ring)

@: no status effects
A: almost no armour, stealthy swim, amphibious, 8 rings, constrict 8, camouflage
1, gelatinous body 1
a: no special abilities


You were on level 4 of the Dungeon.
You were very full.

You visited 1 branch of the dungeon, and saw 4 of its levels.

You collected 160 gold pieces.

Inventory:

Hand Weapons
 a - a +2 dagger (weapon)
 b - a +0 blowgun
Missiles
 c - 24 poisoned needles
 d - 2 curare-tipped needles
Wands
 r - a wand of paralysis (7)
Scrolls
 h - 3 scrolls of teleportation
 i - 3 scrolls of remove curse {unknown}
 j - 2 scrolls of enchant weapon {unknown}
 o - 2 scrolls of fog {unknown}
 p - a scroll of magic mapping {unknown}
Potions
 e - a potion of ambrosia {unknown}
 g - a potion of lignification
 k - a potion of berserk rage {unknown}
 l - a potion of brilliance {unknown}
 m - a potion of curing {unknown}
 n - a potion of might {unknown}
 q - a potion of mutation {unknown}
Comestibles
 f - 5 rations


   Skills:
 + Level 2.7 Fighting
 + Level 2.9 Short Blades
 + Level 2.5 Throwing
 + Level 2.0 Dodging
 + Level 7.3 Stealth


You had 4 spell levels left.
You didn't know any spells.
Your spell library contained the following spells:

 Spells                   Type           Power        Failure   Level  Hunger
 Magic Dart               Conj           #...         28%         1    ##.....
 Blink                    Tloc           N/A          41%         2    ###....
 Call Imp                 Summ           #.......     41%         2    ###....
 Slow                     Hex            #.......     41%         2    ###....
 Conjure Flame            Conj/Fire      #.......     65%         3    ####...
 Mephitic Cloud           Conj/Pois/Air  #.......     65%         3    ####...


Dungeon Overview and Level Annotations

Branches:
Dungeon (4/15)
 Temple: D:4-7

Altars:
Fedhas
Vehumet
Xom


Innate Abilities, Weirdness & Mutations

You cannot wear most types of armour.
You are very stealthy in the water. (Stealth+)
You are amphibious.
You can wear up to eight rings at the same time.
You can use your tentacles to constrict eight enemies at once.
Your skin changes colour to match your surroundings (Stealth+).
Your rubbery body absorbs attacks. (AC +1, EV +1)


Message History

Press: ? - help, Shift-Dir - straight line, f/p - ogre
Aim: an ogre, wielding a +0 giant club (moderately wounded, poisoned)
You shoot a poisoned needle. The poisoned needle hits the ogre.
The ogre looks as sick as possible!
The ogre is moderately wounded.
A scorpion comes into view.
a - a +2 dagger (weapon)
The ogre hits you with a +0 giant club!!
Ouch! That really hurt!
You hit the ogre but do no damage.
The ogre is moderately wounded.
A howler monkey comes into view.
The howler monkey howls!
You hit the ogre but do no damage.
The ogre is heavily wounded.
The ogre closely misses you.
You hit the ogre.
The ogre is severely wounded.
The ogre hits you with a +0 giant club!
You die...

..# ##>.
#......#### ...
### #..##### ...
......####..#
....##..........##
...s#..#.######.#
.......#....###.##
(................#
...h.......#.#.#.#
....#((O@........#
....((...#.#.#.#.#
.#######.#.......#
#...#.#.#.#
#.........#
#........##
#.######## #.# #.#


You could see an ogre, a scorpion and a howler monkey.

Vanquished Creatures
  A worker ant (D:4)
  4 gnolls (D:4)
  4 adders
  2 dart slugs
  2 leopard geckos
  2 ball pythons
  6 bats
  7 giant cockroaches
  7 hobgoblins
  3 jackals (D:1)
  2 frilled lizards (D:4)
  9 goblins
  8 kobolds
  8 rats
65 creatures vanquished.

Notes
Turn   | Place    | Note
-------+----------+-------------------------------------------
     0 | D:1      | BorisKarlOrff the Octopode Assassin began the quest for the
                  | Orb.
     0 | D:1      | Reached XP level 1. HP: 14/14 MP: 1/1
   285 | D:1      | Reached XP level 2. HP: 18/19 MP: 2/2
   527 | D:1      | Reached skill level 6 in Stealth
   891 | D:1      | Reached XP level 3. HP: 25/25 MP: 3/3
  1303 | D:2      | Found a shimmering altar of Xom.
  1461 | D:2      | Reached XP level 4. HP: 30/30 MP: 4/4
  1834 | D:3      | Found a radiant altar of Vehumet.
  2639 | D:4      | Found a blossoming altar of Fedhas.
  2667 | D:4      | Reached skill level 7 in Stealth
  2667 | D:4      | Reached XP level 5. HP: 31/35 MP: 5/5
  2697 | D:4      | Found a large runed translucent door.
  2702 | D:4      | Found a large runed translucent door.
  3085 | D:4      | Noticed an ogre
  3099 | D:4      | Slain by an ogre

Skill      XL: |  1  2  3  4  5 |
---------------+----------------+-----
Stealth        | 6 7 |  7.3
Dodging        | 2 |  2.0
Fighting       | |  2.7
Short Blades   | |  2.9
Throwing       | |  2.5

Action                   |  1- 3 |  4- 6 || total
-------------------------+-------+-------++-------
Melee: Dagger            |    57 |    57 ||   114
       Constrict         |    12 |    11 ||    23
       Tentacles         |     6 |     6 ||    12
 Fire: Blowgun           |    14 |    10 ||    24
  Use: Potion            |     1 |     2 ||     3
       Scroll            |       |     1 ||     1
 Stab: Sleeping          |    10 |    10 ||    20
  Eat: Ration            |     2 |     2 ||     4
Armor: Skin              |     6 |     4 ||    10
Dodge: Dodged            |    38 |    55 ||    93
